Map: Kairos Junction LE

Players

zuka - Winner!

  • Race: Protoss Protoss
  • League: Master
  • Spawn Location: 11:00

Mirzo

  • Race: Zerg Zerg
  • League: Master
  • Spawn Location: 5:00

VOD

Have the link to the VOD?

Description

Time

  • Played on: Aug. 6, 2019, 1:47 p.m.
  • Length: 7:12
Show
View Real Time Build Order
Export as new Build Order

zuka Protoss - Winner!

Build Orders: 1 Gate Expand 

Get SALT Encoding   

  12  0:01  Probe  
  13  0:13  Probe  
  14  0:19  Pylon  
  14  0:22  Probe  
  15  0:33  Probe  
  15  0:42  Gateway  
  16  0:44  Probe  
  16  0:48  Assimilator  
  17  0:54  Probe  
  18  1:00  Pylon  
  18  1:02  Probe  
  18  1:10  Probe  
  20  1:27  Nexus  
  20  1:39  Cybernetics Core  
  20  1:40  Probe  
  21  1:51  Assimilator  
  21  1:52  Probe  
  22  1:56  Pylon  
  22  2:05  Probe  
  22  2:07  Sentry  
  25  2:17  Probe  
  26  2:23  Warp Gate  
  26  2:29  Probe  
  27  2:31  Stalker  
  29  2:40  Probe  
  29  2:41  Probe  
  31  2:46  Robotics Facility  
  31  2:50  Probe  
  31  2:53  Probe  
  31  2:54  Gateway  
  31  2:58  Probe  
  33  3:05  Probe  
  35  3:06  Probe  
  36  3:17  Probe  
  36  3:18  Probe  
  38  3:21  Pylon  
  38  3:22  Sentry, Warp Prism  
  40  3:29  Probe  
  40  3:31  Probe  
  44  3:41  Probe  
  44  3:43  Probe  
  44  3:47  Immortal  
  46  3:50  Gateway  
  46  3:51  Gateway  
  46  3:54  Gateway  
  50  4:02  Pylon  
  50  4:11  Sentry x2  
  54  4:18  Immortal  
  54  4:27  Pylon  
  54  4:28  Pylon  
  54  4:31  Gateway  
  58  4:37  Zealot x2  
  62  4:51  Immortal  
  62  4:57  Zealot x3  
  62  4:59  Gateway  
  64  5:06  Sentry  
  70  5:10  Pylon  
  70  5:12  Pylon  
  70  5:13  Sentry  
  72  5:23  Stalker  
  72  5:27  Pylon  
  74  5:33  Stalker  
  74  5:34  Zealot x3  
  82  5:44  Pylon  
  82  5:52  Stalker x2  
  82  5:54  Zealot x2  
  82  5:55  Zealot  
  90  6:13  Zealot x2  
  88  6:19  Zealot x4  
  82  6:38  Stalker x3  
  82  6:39  Stalker x2  
  82  6:53  Stalker  
  76  7:07  Zealot x6  
Show
View Real Time Build Order
Export as new Build Order

Mirzo Zerg 

Build Orders: Hatch First 

Get SALT Encoding   

  12  0:00  Drone  
  13  0:13  Overlord  
  13  0:17  Drone  
  14  0:34  Drone x2  
  16  0:48  Hatchery  
  15  0:52  Drone  
  15  0:56  Drone  
  17  1:00  Drone  
  18  1:17  Extractor, Spawning Pool  
  16  1:19  Drone  
  16  1:23  Drone  
  18  1:30  Drone  
  19  1:39  Drone  
  20  1:52  Overlord  
  20  2:03  Queen  
  20  2:04  Queen  
  20  2:05  Zergling x4  
  26  2:12  Drone x2  
  28  2:24  Drone x2  
  30  2:36  Hatchery  
  29  2:39  Metabolic Boost  
  29  2:44  Drone x2  
  29  2:50  Overlord  
  31  2:56  Queen  
  33  2:59  Drone  
  33  3:04  Drone x2  
  36  3:12  Overlord  
  36  3:13  Drone x2  
  38  3:21  Overlord  
  38  3:30  Roach Warren  
  38  3:31  Drone x4  
  41  3:37  Drone x3  
  44  3:46  Lair  
  44  3:47  Drone x2  
  46  3:57  Drone  
  46  4:02  Drone x2  
  49  4:04  Extractor, Queen  
  49  4:05  Extractor  
  49  4:14  Overlord  
  49  4:18  Roach x3  
  49  4:20  Zergling x6  
  49  4:22  Overlord x2  
  57  4:34  Roach x2  
  57  4:35  Zergling x8  
  65  4:41  Roach  
  66  4:51  Drone x9  
  74  4:55  Drone  
  74  4:58  Glial Reconstitution, Drone  
  76  5:09  Extractor  
  75  5:17  Drone x3  
  75  5:18  Queen  
  79  5:27  Overlord x2  
  77  5:30  Roach x2  
  81  5:36  Overlord  
  81  5:42  Zergling x2  
  82  5:47  Ravager x2  
  82  5:48  Ravager x3  
  82  5:49  Zergling x18  
  96  5:51  Queen  
  96  5:53  Queen  
  96  5:56  Overlord x2  
  100  6:01  Roach  
  100  6:02  Roach x2  
  101  6:15  Roach x7  
  97  6:19  Roach  
  97  6:21  Roach  
  97  6:25  Roach x2  
  95  6:28  Roach  
  81  6:39  Roach, Zergling x2  
  82  6:40  Zergling x2  
  74  6:51  Roach x3  
Tags
 
Add a new tag
Caveats
  • Supply blocks, unpowered buildings, or Contaminate may cause inaccurate times.
  • Supply counts are checked every 10 seconds.